 Dungeon Crawl Stone Soup version 0.25.1-2-g60ff931df9 (webtiles) character file.

Game seed: 8855462172692004625

22269 Gunterle the Transmogrifier (level 12, -2/82 HPs)
             Began as a Merfolk Transmuter on Oct 7, 2020.
             Was a Follower of Hepliaklqana.
             Slain by a skeletal warrior
             ... wielding a +0 dire flail of flaming
              (34 damage)
             ... in a volcano.
             The game lasted 01:35:20 (21241 turns).

Gunterle the Transmogrifier (Merfolk Transmuter)   Turns: 21241, Time: 01:35:20

Health: -2/82      AC:  5    Str: 11    XL:     12   Next: 98%
Magic:  24/24      EV: 18    Int: 17    God:    Hepliaklqana [*.....]
Gold:   550        SH:  6    Dex: 14    Spells: 7/27 levels left

rFire    + + .     SeeInvis +     - Unarmed
rCold    + + .     Gourm    .   l - +1 buckler
rNeg     . . .     Faith    .   c - +2 robe {rC+ rF+}
rPois    .         Spirit   .   (no helmet)
rElec    .         Reflect  .   b - scarf {rC+ rF+}
rCorr    .         Harm     .   x - +0 pair of gloves
MR       .....                  (no boots)
Stlth    +.........             (no amulet)
HPRegen  0.23/turn              M - ring of see invisible
MPRegen  0.19/turn              (no ring)

@: about to teleport
A: change form in water, swift swim, stealthy swim, reduced essence
a: Recall Ancestor, Ancestor Identity, Renounce Religion


You were in a volcano.
You worshipped Hepliaklqana.
Hepliaklqana was aware of your devotion.
You were not hungry.

You visited 3 branches of the dungeon, and saw 14 of its levels.
You also visited: Volcano.

You collected 893 gold pieces.
You spent 343 gold pieces at shops.

Inventory:

Hand Weapons
 A - a +0 quarterstaff of freezing
 U - a +4 spear of venom
Missiles
 s - 7 javelins
 F - 272 arrows
 H - 16 boomerangs (quivered)
 P - 29 poisoned darts
Armour
 b - a scarf of resistance (worn)
 c - a +2 robe of resistance (worn)
 l - a +1 buckler (worn)
 p - a scarf of repulsion
 t - a +3 ring mail
 w - a +3 leather armour
 x - a +0 pair of gloves (worn)
Jewellery
 y - an uncursed ring of ice
 J - an uncursed amulet of guardian spirit
 M - a ring of see invisible (left hand)
Wands
 f - a wand of polymorph (5)
 n - a wand of disintegration (5)
 q - a wand of paralysis (2)
 r - a wand of clouds (4)
 S - a wand of digging (2)
Scrolls
 e - 2 scrolls of blinking
 h - a scroll of magic mapping
 j - 7 scrolls of remove curse
 k - 2 scrolls of teleportation
 u - a scroll of enchant armour
 L - a scroll of immolation
 R - 3 scrolls of fog
Potions
 a - a potion of magic {unknown}
 i - a potion of haste {unknown}
 m - 2 potions of invisibility
 o - 4 potions of lignification
 z - 4 potions of flight
 E - 3 potions of curing
 G - 2 potions of mutation
 I - 3 potions of stabbing
 N - 2 potions of might
Comestibles
 d - 22 rations


   Skills:
 + Level 7.9 Fighting
 + Level 9.8 Dodging
 - Level 4.5 Shields
 * Level 10.2 Unarmed Combat
 * Level 8.1 Spellcasting
 * Level 6.5 Hexes
 + Level 12.6 Transmutations
 - Level 5.1 Ice Magic
 - Level 5.0 Poison Magic


You had 7 spell levels left.
You knew the following spells:

 Your Spells              Type           Power        Failure   Level  Hunger
a - Beastly Appendage     Tmut           #####.       1%          1    None
b - Sticks to Snakes      Tmut           #####...     1%          2    None
c - Spider Form           Tmut/Pois      #####.....   1%          3    #......
d - Blade Hands           Tmut           #####.....   1%          5    #####..
e - Ice Form              Ice/Tmut       #####...     2%          4    ###....
f - Yara's Violent Unrav  Hex/Tmut       #####.....   5%          5    #####..

Your spell library contained the following spells:

 Spells                   Type           Power        Failure   Level  Hunger
 Sting                    Tmut/Pois      ####         1%          1    None
 Confusing Touch          Hex            ####....     1%          3    #......
 Ignite Poison            Fire/Tmut/Pois ####....     2%          3    #......
 Poisonous Vapours        Pois/Air       ###...       5%          2    None
 Petrify                  Tmut/Erth      ####....     8%          4    ###....
 Summon Guardian Golem    Hex/Summ       ###.....     9%          3    #......
 Summon Small Mammal      Summ           #...         11%         1    None
 Olgreb's Toxic Radiance  Pois           ###.....     13%         4    ###....
 Call Imp                 Summ           #.......     16%         2    None
 Mephitic Cloud           Conj/Pois/Air  ##......     16%         3    #......
 Metabolic Englaciation   Hex/Ice        ####......   26%         5    #####..
 Call Canine Familiar     Summ           #.......     30%         3    #......
 Gell's Gravitas          Tloc           #.........   30%         3    #......
 Recall                   Summ/Tloc      N/A          30%         3    #......
 Summon Ice Beast         Ice/Summ       ###.....     34%         4    ###....
 Animate Dead             Necr           N/A          71%         4    ###....
 Summon Lightning Spire   Summ/Air       #.......     71%         4    ###....
 Bolt of Magma            Conj/Fire/Erth #.........   96%         5    #####..
 Borgnjor's Vile Clutch   Necr/Erth      #.........   96%         5    #####..
 Iskenderun's Battlesphe  Conj/Chrm      #.......     96%         5    #####..
 Simulacrum               Ice/Necr       ###.......   99%         6    ######.
 Death Channel            Necr           #.........   100%        6    ######.
 Iron Shot                Conj/Erth      #.........   100%        6    ######.
 Orb of Destruction       Conj           #.........   100%        7    #######
 Spellforged Servitor     Conj/Summ      #.........   100%        7    #######


Dungeon Overview and Level Annotations

Branches:
Dungeon (12/15)            Temple (1/1) D:5            Lair (1/6) D:10
    Orc (0/2) D:10        Volcano (1/1)

Altars:
Ashenzari
Cheibriados
Dithmenos
Elyvilon
Fedhas
Gozag
Hepliaklqana
Kikubaaqudgha
Makhleb
Nemelex Xobeh
Okawaru
Qazlal
Ru
Sif Muna
Trog
Uskayaw
Vehumet
Wu Jian
Xom
Yredelemnul
Zin
The Shining One

Shops:
D:4 *}[%   D:8 :   D:12 :

Annotations:
D:10 3 runed translucent doors, Comm's ghost, journeyman OpTm; Seynul's ghost, novice DgGl; doomsgape's ghost, novice MiAK


Message History

You see here 19 gold pieces.
There is an open door here.
Found a fustibalus of flaming and a great mace of flaming.
There is an open door here.
Found a battleaxe of flaming and a potion of curing.
There is an open door here.
You open the door.
You block the skeletal warrior's attack.
There is an open door here.
As you read the scroll of teleportation, it crumbles to dust.
You feel strangely unstable.
You block the skeletal warrior's attack.
Unknown command.
Evoke which item? (* to show all) (? for menu, Esc to quit)
Aiming: Paralyse
Press: ? - help, Shift-Dir - straight line, f/p - skeletal warrior
Aim: a skeletal warrior, wielding a +0 dire flail of flaming (chance to defeat MR: 1%)
The skeletal warrior resists with almost no effort.
The skeletal warrior hits you with a +0 dire flail of flaming!!
You die...

####......#####..$#$$$#
##........)....Z..)$$$#
ยง###.#..#.#####..$#Z..#
.).+......# ######'##
.###.#..#.### #...#
##............ #...#
####......#### #...#
##.##.## #######'#
#.##.# +^@zZ'..# #.##.#
######..'.# ..# ..
#'#### ..# 9 #)) $$#
')!# ####


You could see a skeletal warrior and a spriggan skeleton.

Vanquished Creatures
  Fannar (D:12)
  2 two-headed ogres
  Nergalle (D:11)
  2 unseen horrors
  An anaconda skeleton (Volcano)
  4 ugly things (D:11)
  A manticore (D:12)
  Maurice (D:11)
  A gargoyle (Volcano)
  A komodo dragon (D:10)
  A hornet (D:11)
  A troll (D:11)
  Grinder (D:5)
  2 blink frogs
  2 alligator skeletons (Volcano)
  3 flying skulls (Volcano)
  A water elemental (D:11)
  A human (D:6)
  18 yaks
  4 hogs
  Grum (Lair:1)
  A basilisk (Lair:1)
  2 hungry ghosts (D:10)
  Menkaure (D:4)
  A porcupine (Lair:1)
  3 ice beasts
  A two-headed ogre zombie (D:10)
  A water moccasin (D:11)
  6 sky beasts
  6 orc warriors
  3 phantoms
  7 ogres
  A wolf (Lair:1)
  9 centaurs
  A crocodile (D:11)
  2 big kobolds (D:9)
  8 bullfrogs
  2 gnoll sergeants (D:9)
  2 scorpions
  A wyvern skeleton (D:6)
  A killer bee (D:11)
  4 electric eels
  A howler monkey (D:4)
  4 crimson imps
  2 spriggan skeletons (Volcano)
  2 jellies
  7 orc priests
  8 hounds
  4 centaur skeletons
  2 bullfrog skeletons
  5 iguanas
  5 worker ants
  An ancestor (D:10)
  Natasha (thrice) (D:4)
  5 orc wizards
  3 ogre zombies (D:10)
  A hound skeleton (D:8)
  Robin (D:2)
  8 gnolls
  A howler monkey skeleton (D:9)
  9 adders
  3 shadow imps
  An ooze (D:3)
  2 adder skeletons
  An adder zombie (D:9)
  3 worms
  4 leopard geckos
  32 orcs
  3 ball pythons
  4 giant cockroaches
  8 goblins
  15 hobgoblins
  5 jackals
  8 kobolds
  6 quokkas
  7 bats
  2 frilled lizards
  3 goblin skeletons (D:10)
  3 goblin zombies (D:10)
  A hobgoblin skeleton (D:10)
  A hobgoblin zombie (D:10)
  An orc skeleton (D:10)
  10 orc zombies (D:10)
  5 rats
313 creatures vanquished.

Vanquished Creatures (collateral kills)
  A skeletal warrior (Volcano)
  A gargoyle (Volcano)
  A blink frog (Lair:1)
  A hippogriff (Lair:1)
  6 yaks (D:12)
  A hungry ghost (D:10)
  An ice beast (D:5)
  A wolf (D:10)
  2 ogres (D:11)
  A crocodile (Lair:1)
  A gnoll sergeant (D:9)
  A troll zombie (D:10)
  3 killer bees (D:11)
  A spriggan skeleton (D:10)
  3 electric eels (D:11)
  A crimson imp (D:3)
  A bullfrog zombie (D:12)
  A hound (D:9)
  A jelly (D:11)
  An orc priest (D:11)
  A centaur skeleton (D:10)
  A worker ant (D:9)
  3 ogre zombies (D:10)
  2 naga skeletons (Volcano)
  4 gnolls (D:9)
  An adder (D:10)
  2 orcs
  3 goblins (D:2)
  2 hobgoblins (D:9)
  2 kobolds (D:9)
  A goblin skeleton (D:10)
  A goblin zombie (D:10)
  A leopard gecko zombie (D:5)
  4 orc zombies (D:10)
58 creatures vanquished.

Vanquished Creatures (others)
  A yak (D:12)
  An orc warrior (D:12)
  A centaur (D:11)
  9 ancestors
  A plant (D:10)
  4 withered plants (D:10)
17 creatures vanquished.

Grand Total: 388 creatures vanquished

Notes
Turn   | Place    | Note
-------+----------+-------------------------------------------
     0 | D:1      | Gunterle the Merfolk Transmuter began the quest for the
                  | Orb.
     0 | D:1      | Reached XP level 1. HP: 15/15 MP: 3/3
   631 | D:1      | Reached XP level 2. HP: 13/21 MP: 3/5
   638 | D:1      | Learned a level 2 spell: Sticks to Snakes
   762 | D:2      | Noticed Robin
   788 | D:2      | Killed Robin
   788 | D:2      | Reached skill level 3 in Transmutations
   797 | D:2      | Reached XP level 3. HP: 17/26 MP: 2/6
  1039 | D:2      | Found a white marble altar of Elyvilon.
  1071 | D:2      | Learned a level 3 spell: Spider Form
  1109 | D:2      | Found an ornate altar of the Wu Jian Council.
  1950 | D:2      | Found an opulent altar of Gozag.
  2492 | D:3      | Reached skill level 1 in Poison Magic
  2492 | D:3      | Reached XP level 4. HP: 28/33 MP: 0/7
  2739 | D:2      | Reached XP level 5. HP: 30/38 MP: 2/8
  2806 | D:3      | Reached skill level 4 in Transmutations
  3521 | D:4      | Found Luvedghu's Armour Boutique.
  3521 | D:4      | Noticed Natasha
  3939 | D:4      | Found Ligemidwue's General Store.
  3939 | D:4      | Noticed an ogre
  3941 | D:4      | Bought a scroll of summoning for 133 gold pieces
  3941 | D:4      | Noticed an ice beast
  4185 | D:4      | Reached XP level 6. HP: 46/46 MP: 10/10
  4274 | D:3      | Killed an ice beast
  4450 | D:4      | Reached skill level 5 in Transmutations
  4555 | D:4      | Reached XP level 7. HP: 51/51 MP: 8/11
  4612 | D:4      | Found Qeyfuyqa's Gadget Boutique.
  4638 | D:4      | Found a sparkling altar of Nemelex Xobeh.
  4733 | D:4      | Killed Natasha
  4799 | D:4      | Noticed Natasha
  4804 | D:4      | Killed Natasha
  4951 | D:4      | Noticed Natasha
  4978 | D:4      | Killed Natasha
  4979 | D:4      | Noticed Menkaure
  5176 | D:4      | You fall into a shaft and drop 1 floor!
  5176 | D:5      | Entered Level 5 of the Dungeon
  5222 | D:5      | Noticed Grinder
  5254 | D:5      | Killed Grinder
  5254 | D:5      | Reached skill level 6 in Transmutations
  5429 | D:5      | Learned a level 5 spell: Blade Hands
  5603 | D:5      | Reached XP level 8. HP: 43/58 MP: 9/13
  5937 | D:4      | Killed Menkaure
  5937 | D:4      | Reached skill level 5 in Dodging
  6216 | D:4      | Found Qoiqasol's Food Emporium.
  6544 | D:5      | Found a staircase to the Ecumenical Temple.
  6553 | Temple   | Entered the Ecumenical Temple
  6649 | D:5      | Reached skill level 5 in Unarmed Combat
  6649 | D:5      | Reached skill level 7 in Transmutations
  6649 | D:5      | Reached skill level 5 in Poison Magic
  7508 | D:6      | Reached XP level 9. HP: 66/66 MP: 12/15
  7566 | D:6      | Reached skill level 8 in Transmutations
  7769 | D:6      | Found an iron altar of Okawaru.
  8259 | D:6      | Learned a level 4 spell: Ice Form
  8426 | D:7      | Reached skill level 1 in Ice Magic
  9008 | D:7      | Reached skill level 5 in Fighting
  9008 | D:7      | Reached skill level 5 in Spellcasting
  9211 | D:7      | Reached skill level 9 in Transmutations
  9270 | D:7      | Found an ancient bone altar of Kikubaaqudgha.
  9790 | D:7      | Reached XP level 10. HP: 39/74 MP: 16/18
  9976 | D:8      | Found Jit Piug's Book Shop.
 10247 | D:4      | Bought an uncursed ring of see invisible for 210 gold
                  | pieces
 11273 | D:8      | Found a sacrificial altar of Ru.
 11400 | D:8      | Noticed a two-headed ogre
 11422 | D:8      | Killed a two-headed ogre
 11422 | D:8      | Reached skill level 10 in Transmutations
 11896 | D:9      | Found a hazy altar of Hepliaklqana.
 11896 | D:9      | Found a glowing golden altar of the Shining One.
 11896 | D:9      | Found a hide-covered altar of Uskayaw.
 11903 | D:9      | Became a worshipper of Hepliaklqana the Forgotten
 12433 | D:9      | Reached skill level 5 in Ice Magic
 12899 | D:9      | HP: 3/68 [poisoned by a gnoll sergeant]
 12900 | D:9      | HP: 1/68 [poisoned by a gnoll sergeant]
 13233 | D:9      | Reached skill level 1 in Shields
 13345 | D:9      | Learned a level 5 spell: Yara's Violent Unravelling
 13647 | D:10     | Entered Level 10 of the Dungeon
 13682 | D:10     | Reached * piety under Hepliaklqana
 14072 | D:10     | Noticed an unseen horror
 14120 | D:10     | Killed an unseen horror
 14120 | D:10     | Reached skill level 1 in Hexes
 14127 | D:10     | Reached XP level 11. HP: 63/72 MP: 16/20
 14559 | D:10     | Reached skill level 11 in Transmutations
 14667 | D:10     | Found a staircase to the Orcish Mines.
 15005 | D:10     | Found a runed translucent gate.
 15005 | D:10     | Found a runed translucent gate.
 15005 | D:10     | Found a runed translucent gate.
 15006 | D:10     | Noticed doomsgape's ghost (novice MiAK)
 15007 | D:10     | Noticed Comm's ghost (journeyman OpTm)
 15007 | D:10     | Noticed Seynul's ghost (novice DgGl)
 15097 | D:10     | Found a staircase to the Lair.
 15471 | D:11     | Noticed Nergalle
 15509 | D:11     | Killed Nergalle
 16566 | D:11     | Noticed a brown ugly thing
 16567 | D:11     | Noticed a green ugly thing
 16714 | D:11     | Noticed a two-headed ogre
 16901 | D:11     | Noticed Maurice
 16918 | D:11     | Killed Maurice
 17719 | D:11     | Killed a brown ugly thing
 18187 | D:11     | Killed a brown ugly thing
 18230 | D:11     | Noticed a brown ugly thing
 18248 | D:11     | Killed a brown ugly thing
 18419 | D:11     | Killed a two-headed ogre
 18419 | D:11     | Reached skill level 12 in Transmutations
 18419 | D:11     | Reached XP level 12. HP: 68/81 MP: 17/22
 18830 | D:12     | Reached skill level 5 in Hexes
 19427 | D:12     | Noticed Fannar
 19840 | D:12     | Found Ismoq's Book Boutique.
 19897 | D:12     | Killed Fannar
 20345 | Lair:1   | Entered Level 1 of the Lair of Beasts
 20389 | Lair:1   | Noticed Grum
 20411 | Lair:1   | Killed Grum
 20457 | Lair:1   | Found a dark tunnel.
 20463 | Volcano  | Entered a volcano
 20837 | Volcano  | Reached skill level 10 in Unarmed Combat
 21241 | Volcano  | Slain by a skeletal warrior

Illustrated notes

Levels and vault maps discovered:
D:1:      minmay_arrival_stone_box, layout_basic
D:2:      layout_basic, marbit_many_paths, lemuel_doored_altar,
          kennysheep_another_room, grunt_gozag_breadcrumbs, uniq_robin
D:3:      layout_loops_ring, serial_glass, glass_columns_a, glass_columns_b,
          feat_on_display, minmay_strange_pillars, grunt_ministairs_5,
          minivault_11
D:4:      layout_cave_pools, nemelex_xobeh_ov_fountains_minmay, serial_shops,
          shop_statue, nicolae_shop_competitors_out_of_business, shop, shop,
          uniq_natasha, uniq_menkaure
D:5:      layout_loops_cross, minmay_temple_entry_antechambers, first_ration,
          hex_large, uniq_grinder
D:6:      layout_loops_ring, lemuel_round_altar
D:7:      layout_basic, kiku_gazebo_pond_becter, grunt_livestock, minmay_puff
D:8:      layout_basic, nicolae_ru_great_annihilating_truth, serial_shops, shop
D:9:      kennysheep_housing_project, layout_irregular_city,
          gammafunk_temple_overflow_claw
D:10:     layout_cross, david_lair_shrubbed, zombieorc2_lemuel,
          gammafunk_ghost_cemetery, hangedman_tell_no_tales
D:11:     layout_basic, chequers_serial_rivers_micro_e, uniq_nergalle,
          uniq_maurice
D:12:     layout_rooms, serial_shops, shop, uniq_fannar
Temple:   cyrus_circular_temple
Lair:1:   layout_regular_city, nicolae_volcano_entry_hallway,
          infiniplex_staircase_pool_2, uniq_grum
Volcano:  volcano_tomb [vts_chambers]

Skill      XL: |  1  2  3  4  5  6  7  8  9 10 11 12 |
---------------+-------------------------------------+-----
Dodging        | 3 4 5 6 7 9 |  9.8
Transmutations | 3 4 5 6 7 9 10 12 | 12.6
Poison Magic   | 1 2 3 4 5 |  5.0
Fighting       | 2 3 4 5 6 7 |  7.9
Unarmed Combat | 4 5 6 7 9 10 | 10.2
Spellcasting   | 3 4 5 6 8 |  8.1
Ice Magic      | 3 5 |  5.1
Shields        | 1 3 4 |  4.5
Hexes          | 1 4 6 |  6.5

Action                   |  1- 3 |  4- 6 |  7- 9 | 10-12 || total
-------------------------+-------+-------+-------+-------++-------
Melee: Unarmed           |    86 |   106 |   243 |   642 ||  1077
       Headbutt          |    10 |    17 |    11 |    13 ||    51
       Punch             |       |     1 |       |     8 ||     9
       Tailslap          |       |       |       |     4 ||     4
Throw: Stone             |    26 |     3 |       |       ||    29
       Javelin           |    15 |    20 |    10 |     2 ||    47
       Boomerang         |       |       |    14 |    15 ||    29
       Dart              |       |       |       |    33 ||    33
       Throwing net      |       |       |       |     1 ||     1
 Cast: Beastly Appendage |    22 |    25 |     8 |    15 ||    70
       Sticks to Snakes  |     4 |     8 |     4 |       ||    16
       Spider Form       |       |     3 |    34 |    41 ||    78
       Blade Hands       |       |       |       |    35 ||    35
       Ice Form          |       |       |       |     1 ||     1
Invok: Recall Ancestor   |       |       |       |     4 ||     4
       Ancestor Identity |       |       |       |     1 ||     1
Evoke: Wand              |       |     7 |     7 |    27 ||    41
       Phantom mirror    |       |       |       |     1 ||     1
  Use: Scroll            |     4 |     2 |     4 |    17 ||    27
       Potion            |       |       |       |     6 ||     6
 Stab: Sleeping          |     2 |       |     2 |     7 ||    11
       Distracted        |       |       |     1 |     6 ||     7
       Paralysed         |       |       |       |     2 ||     2
       Confused          |       |       |       |     4 ||     4
       Invisible         |       |       |       |     1 ||     1
  Eat: Chunk             |     5 |     8 |    17 |    35 ||    65
       Ration            |       |       |     1 |     5 ||     6
Armor: Robe              |     3 |       |       |    12 ||    15
       Animal skin       |     9 |    15 |     3 |    12 ||    39
       Skin              |       |       |     2 |     4 ||     6
Dodge: Dodged            |    61 |    73 |   191 |   548 ||   873
       Repelled          |       |       |     4 |    10 ||    14
Block: Buckler           |       |       |       |     8 ||     8
